 Dungeon Crawl Stone Soup version 0.27-a0-1545-g3eddc1d3d3 (webtiles) character file.

Game seed: 8077595127660972302

2530 Colgate the Slinger (level 9, 55/55 HPs)
             Began as a Barachi Ice Elementalist on Sept 26, 2020.
             Was a Believer of Hepliaklqana.
             Quit the game on level 7 of the Dungeon on July 13, 2021.
             The game lasted 01:47:31 (9281 turns).

Colgate the Slinger (Barachi Ice Elementalist)      Turns: 9281, Time: 01:47:32

Health: 55/55      AC:  4    Str: 10    XL:     9   Next: 54%
Magic:  12/12      EV: 12    Int: 24    God:    Hepliaklqana [**....]
Gold:   287        SH:  0    Dex: 13    Spells: 1/12 levels left

rFire    . . .     SeeInvis .   a - +1 hunting sling
rCold    . . .     Faith    .   (no shield)
rNeg     . . .     Spirit   .   n - +0 robe
rPois    .         Reflect  .   (no helmet)
rElec    .         Harm     .   d - +1 cloak
rCorr    .         Rampage  .   (no gloves)
Will     .....                  (no boots)
Stlth    ++........             (no amulet)
HPRegen  0.18/turn              A - ring of wizardry
MPRegen  0.13/turn              I - +6 ring of intelligence

@: slow
A: reduced essence, amphibious, slowness 1, strong legs 1, +LOS
a: Hop, Renounce Religion, Recall Ancestor, Ancestor Identity


You were on level 7 of the Dungeon.
You worshipped Hepliaklqana.
Hepliaklqana was pleased with you.
You visited 1 branch of the dungeon, and saw 7 of its levels.
You also visited: Sewer.

You collected 287 gold pieces.

Inventory:

Hand Weapons
 a - a +1 hunting sling (weapon)
 b - a +5 short sword of electrocution
 C - a +0 halberd
Missiles
 i - 111 stones
 p - 92 arrows
 q - 37 bolts
 r - 6 silver boomerangs
 z - 20 poisoned darts
 H - 46 sling bullets (quivered ammo)
Armour
 d - a +1 cloak (worn)
 n - a +0 robe (worn)
Magical Staves
 t - a staff of air
Jewellery
 j - a +6 ring of dexterity
 u - a ring of willpower
 A - a ring of wizardry (left hand)
 I - a +6 ring of intelligence (right hand)
Wands
 v - a wand of removedness (20)
 K - a wand of charming (4)
Scrolls
 l - 6 scrolls of teleportation
 m - a scroll of removedness
 o - a scroll of fear
 w - 2 scrolls of magic mapping
 y - 3 scrolls of fog
 E - a scroll of amnesia {unknown}
 J - a scroll of holy word {unknown}
Potions
 c - a potion of ambrosia {unknown}
 e - a potion of might {unknown}
 f - 3 potions of magic
 g - a potion of haste {unknown}
 h - a potion of degeneration {unknown}
 k - 5 potions of curing
 s - 2 potions of heal wounds
 x - 3 potions of brilliance
 B - 2 potions of cancellation
 D - a potion of resistance {unknown}
 F - a potion of lignification {unknown}
 G - a potion of flight {unknown}


   Skills:
 - Level 2.9 Fighting
 - Level 2.1 Short Blades
 + Level 10.2(10.7) Slings
 - Level 5.0(8.3) Throwing
 - Level 2.0 Armour
 - Level 2.1 Dodging
 - Level 1.7 Stealth
 - Level 2.1 Spellcasting
 - Level 6.0 Ice Magic


You had one spell level left.
You knew the following spells:

 Your Spells              Type           Power      Damage    Failure   Level
a - Freeze                Ice            100%       1d11      1%          1
b - Frozen Ramparts       Ice            62%        1d8       1%          3
c - Ozocubu's Armour      Ice            31%        N/A       1%          3
d - Hailstorm             Conj/Ice       17%        3d6       14%         4

Your spell library contained the following spells:

 Spells                   Type           Power      Damage    Failure   Level
 Confusing Touch          Hex            2%         N/A       14%         3
 Gell's Gravitas          Tloc           1%         N/A       14%         3
 Summon Ice Beast         Ice/Summ       17%        N/A       14%         4
 Metabolic Englaciation   Hex/Ice        8%         N/A       34%         5
 Petrify                  Tmut/Erth      2%         N/A       41%         4
 Yara's Violent Unravell  Hex/Tmut       1%         3d3       75%         5


Dungeon Overview and Level Annotations

Branches:
Dungeon (7/15)             Temple (0/1) D:7           Sewer (visited)

Altars:
Ashenzari
Elyvilon
Gozag
Hepliaklqana
Kikubaaqudgha
Nemelex Xobeh
Sif Muna
Uskayaw


Innate Abilities, Weirdness & Mutations

Your life essence is reduced to manifest your ancestor. (-10% HP)
You are amphibious.
You cover ground slowly.
You can hop short distances.
You have an extended range of vision and can be seen from far away.


Message History

The wight appears confused.
The wight closely misses Malahu.
Malahu hits the wight but does no damage.
You reach to attack!
You barely miss the wight.
The wight is lightly damaged.
Malahu points at the wight and mumbles some strange words.
The wight resists with some effort.
You swap places.
You slash the wight!
The wight is heavily damaged.
Malahu hits the wight with a +0 dagger of draining.
a - a +1 hunting sling (weapon)
The wight barely misses Malahu.
You shoot a sling bullet. The sling bullet hits the wight.
The wight is almost destroyed.
Malahu hits the wight with a +0 dagger of draining.
The wight is destroyed!
Saving game... please wait.
Welcome back, Colgate the Barachi Ice Elementalist.
Hepliaklqana says: Your past becomes your present!
Press ? for a list of commands and other information.
Welcome back, Colgate the Barachi Ice Elementalist.
Hepliaklqana says: Your past becomes your present!
Press ? for a list of commands and other information.
Unknown command.
Magic restored.
H - 44 sling bullets (gained 1)
Things that are here:
a +0 robe; a +0 spear
Things that are here:
a +0 robe; a +0 war axe
Things that are here:
a +0 robe; a +3 dire flail
H - 46 sling bullets (gained 2)
You swap places.
Things that are here:
a +0 robe; a +3 dire flail
Things that are here:
a +0 robe; a +0 war axe Are you sure you want to abandon this character and quit the game? (Confirm with "yes".)

.#.##.#.## #..###.....
...##.#...###
##.#.......
............# ##....#
........ #..###<.##..#
........##..##÷.## ..#
...............## ..#
..#....#.....#..# ...
.## #..........## #. .#
#.#.⌠†⌠.#..@## .#
#.......[.#.R########..
.#
#.#..:..#.##...........
..#
#...._....#...#######..
......#.....#.?.#..#
#.^............####...
#......#.⌠.⌠.#..# ##..
................# ##.
#......#.....#..# .


You could see the friendly Malahu the hexer.

Vanquished Creatures
  The ghost of Baz the Sneak, a novice OpEn (D:4)
  Eustachio (D:6)
  Edmund (D:4)
  An orc warrior (D:7)
  2 phantoms
  4 bullfrogs
  A scorpion (D:5)
  2 wights (D:7)
  A howler monkey (D:4)
  A bullfrog skeleton (D:4)
  A hound (D:6)
  An iguana (D:5)
  Jessica (D:3)
  Natasha (D:4)
  5 removed worker ants
  A hound zombie (D:6)
  A hound skeleton (D:5)
  A howler monkey zombie (D:6)
  A removed worker ant zombie (D:6)
  16 adders
  A river rat (Sewer)
  2 shadow imps
  An ufetubus (D:5)
  An endoplasm (D:6)
  An adder skeleton (D:6)
  2 worms
  A dart slug (D:2)
  10 orcs
  11 removed leopard geckos
  9 ball pythons
  11 bats
  9 giant cockroaches
  8 goblins
  11 hobgoblins
  12 jackals
  7 kobolds
  A quokka (D:2)
  4 frilled lizards
  2 quokka skeletons
  23 rats
171 creatures vanquished.

Vanquished Creatures (collateral kills)
  A phantom (D:6)
  A centaur (D:5)
  2 bullfrogs
  A wight (D:7)
  A bullfrog zombie (D:7)
  A centaur zombie (D:6)
  An orc priest (D:4)
  Crazy Yiuf (D:4)
  A centaur skeleton (D:7)
  Natasha (twice) (D:4)
  An orc wizard (D:4)
  5 adders
  5 river rats (Sewer)
  A white imp (D:6)
  An ufetubus (D:5)
  2 endoplasms (Sewer)
  A worm (D:4)
  4 orcs
  A removed leopard gecko (D:4)
  A bat (D:3)
  A hobgoblin (D:3)
  2 quokkas
  4 ball pythons (Sewer)
  A kobold (D:3)
  7 rats
49 creatures vanquished.

Grand Total: 220 creatures vanquished

Notes
Turn   | Place    | Note
-------+----------+-------------------------------------------
     0 | D:1      | Colgate the Barachi Ice Elementalist began the quest for
                  | the Orb.
     0 | D:1      | Reached XP level 1. HP: 13/13 MP: 3/3
    66 | D:1      | Reached skill level 5 in Ice Magic
   343 | D:1      | Reached XP level 2. HP: 14/19 MP: 5/5
  1121 | D:1      | Reached XP level 3. HP: 24/24 MP: 6/6
  1126 | D:1      | Learned a level 3 spell: Frozen Ramparts
  1477 | D:2      | Reached skill level 1 in Throwing
  1961 | D:2      | Reached XP level 4. HP: 30/30 MP: 3/7
  3116 | D:3      | Noticed a bullfrog
  3123 | D:3      | Killed a bullfrog
  3123 | D:3      | Reached XP level 5. HP: 35/35 MP: 4/8
  3210 | D:3      | Found a hazy altar of Hepliaklqana.
  3219 | D:3      | Became a worshipper of Hepliaklqana the Forgotten
  3454 | D:3      | Learned a level 3 spell: Ozocubu's Armour
  3601 | D:3      | Reached skill level 1 in Armour
  3822 | D:3      | Reached XP level 6. HP: 36/36 MP: 5/9
  4050 | D:3      | Noticed Jessica
  4088 | D:3      | Killed Jessica
  4560 | D:4      | Noticed a +0 hand axe
  4560 | D:4      | Noticed a +0 dagger
  4678 | D:4      | Found a glowing drain.
  4694 | Sewer    | Entered a sewer
  4804 | Sewer    | Reached * piety under Hepliaklqana
  4939 | Sewer    | Reached skill level 5 in Throwing
  5092 | Sewer    | Reached skill level 1 in Slings
  5321 | Sewer    | Reached skill level 2 in Slings
  5321 | Sewer    | Reached XP level 7. HP: 11/41 MP: 5/10
  5325 | Sewer    | Reached skill level 3 in Slings
  5707 | D:4      | Noticed Natasha
  5716 | D:4      | Killed Natasha
  5736 | D:4      | Noticed Edmund
  5741 | D:4      | Noticed Natasha
  5753 | D:4      | Killed Natasha
  5753 | D:4      | Reached skill level 4 in Slings
  5762 | D:4      | Killed Edmund
  6161 | D:4      | Found a runed translucent door.
  6242 | D:4      | Noticed Natasha
  6248 | D:4      | Killed Natasha
  6376 | D:4      | Found a hide-covered altar of Uskayaw.
  6423 | D:4      | Reached skill level 5 in Slings
  6423 | D:4      | Reached XP level 8. HP: 51/51 MP: 7/11
  6527 | D:4      | Found an ancient bone altar of Kikubaaqudgha.
  6690 | D:4      | Found a runed translucent door.
  6691 | D:4      | Noticed Crazy Yiuf
  6732 | D:4      | Noticed Baz's ghost (novice OpEn)
  6770 | D:4      | Killed Baz's ghost
  6770 | D:4      | Reached skill level 7 in Slings
  6880 | D:4      | Killed Crazy Yiuf
  6957 | D:5      | Entered Level 5 of the Dungeon
  7635 | D:5      | Reached skill level 8 in Slings
  7907 | D:5      | Found a broken altar of Ashenzari.
  7948 | D:5      | Found a sparkling altar of Nemelex Xobeh.
  7951 | D:5      | Found a shimmering blue altar of Sif Muna.
  8076 | D:6      | Reached XP level 9. HP: 55/55 MP: 5/12
  8349 | D:6      | Noticed Eustachio
  8350 | D:6      | Reached skill level 9 in Slings
  8366 | D:6      | Killed Eustachio
  8522 | D:6      | Learned a level 4 spell: Hailstorm
  8806 | D:7      | Reached ** piety under Hepliaklqana
  8807 | D:7      | Remembered your ancestor Malahu as a hexer
  8889 | D:7      | Found an opulent altar of Gozag.
  9008 | D:7      | Found a staircase to the Ecumenical Temple.
  9085 | D:7      | Reached skill level 10 in Slings
  9088 | D:7      | Found a white marble altar of Elyvilon.
  9204 | D:7      | Upgraded the game from 0.26-a0-649-gf8c6c3aab7 to
                  | 0.27-a0-385-g3208abaabc
  9204 | D:7      | Upgraded the game from 0.27-a0-385-g3208abaabc to
                  | 0.27-a0-1545-g3eddc1d3d3
  9281 | D:7      | Quit the game

Illustrated notes

Levels and vault maps discovered:
D:1:      dpeg_arrival_connections, layout_loops_ring, dk_noncrumbling_4,
          minmay_pentomino_t4
D:2:      layout_loops_corners, kennysheep_nondescript, grunt_decor_mini_mirrors
D:3:      minmay_recursive_quarters, layout_loops_corners,
          lemuel_coloured_pillars_altar, minmay_starry_boxes, uniq_jessica
D:4:      layout_rooms, dancing_weapons_uskayaw, kiku_gazebo_pond_becter,
          gup_sewer_entry_bubbles, ebering_ghost_sewer_d, st_stairs_8,
          uniq_natasha, uniq_crazy_yiuf_cottage, uniq_edmund
D:5:      layout_loops_cross, minmay_overflow_temple_star_quad,
          corexii_leaking_fountain, roderic_roman_lattice
D:6:      layout_cave_pools, uniq_eustachio
D:7:      layout_rooms, nicolae_gozag_seed_capital, elyvilon_altar_5,
          minmay_temple_entry_glassed_door

Skill      XL: |  1  2  3  4  5  6  7  8  9 |
---------------+----------------------------+-----
Ice Magic      | 5 6 |  6.0
Throwing       | 2 4 5 |  5.0
Armour         | 2 |  2.0
Slings         | 2 5 8 10 | 10.2
Fighting       | 2 |  2.9
Short Blades   | 2 |  2.1
Dodging        | |  2.1
Stealth        | |  1.7
Spellcasting   | |  2.1

Action                   |  1- 3 |  4- 6 |  7- 9 || total
-------------------------+-------+-------+-------++-------
Melee: Dagger            |     6 |       |       ||     6
       Mace              |    28 |       |       ||    28
       Halberd           |       |    23 |    20 ||    43
       Short sword       |       |     8 |    47 ||    55
 Fire: Hunting sling     |     3 |    83 |   117 ||   203
Throw: Dart              |    99 |    94 |    78 ||   271
       Stone             |       |     1 |     2 ||     3
       Boomerang         |       |       |     2 ||     2
 Cast: Freeze            |     6 |       |       ||     6
       Frozen Ramparts   |    12 |    33 |    29 ||    74
       Ozocubu's Armour  |       |     2 |    17 ||    19
       Hailstorm         |       |       |     4 ||     4
Invok: Ancestor Identity |       |     1 |       ||     1
       Recall Ancestor   |       |     1 |       ||     1
       Ancestor Life: He |       |       |     1 ||     1
 Abil: Shaft Self        |    17 |    29 |    17 ||    63
  Use: Scroll            |       |    10 |     8 ||    18
       Potion            |       |       |     1 ||     1
 Stab: Sleeping          |       |     2 |     1 ||     3
       Distracted        |       |       |     2 ||     2
Armor: Robe              |     7 |       |    13 ||    20
       Ring mail         |    10 |     5 |       ||    15
       Leather armour    |       |    13 |     4 ||    17
Dodge: Dodged            |    17 |    30 |    43 ||    90

Table legend: (Time is in decaauts)
 A = Elapsed time spent in this place.
 B = Non-inter-level travel time spent in this place.
 C = Inter-level travel time spent in this place.
 D = Time resting spent in this place.
 E = Time spent auto-exploring this place.
 F = Levels seen in this place.
 G = Mean time per level.
                   A        B        C        D        E       F      G
               +--------+--------+--------+--------+--------+-----+--------+
         Total |  10126 |   9953 |    173 |     18 |   7754 |   8 | 1265.8 |
       Dungeon |   9077 |   8904 |    173 |     18 |   7021 |   7 | 1296.7 |
         Sewer |   1049 |   1049 |      0 |      0 |    733 |   1 | 1049.0 |
               +--------+--------+--------+--------+--------+-----+--------+

Top non-repeatable levels by time:
     D:2: 1951 daAuts
     D:3: 1783 daAuts
     D:4: 1503 daAuts
     D:1: 1303 daAuts
     D:5: 1160 daAuts
   Sewer: 1049 daAuts
     D:6: 884 daAuts
     D:7: 490 daAuts
